 Dungeon Crawl Stone Soup version 0.31-a0-507-gbafd7f5274 (webtiles) character file.

Game seed: 6241932752085278919

101 chunkyMonkey the Trooper (level 4, 0/38 HPs)
             Began as a Barachi Fighter on Aug 9, 2023.
             Killed by nerve-wracking pain
             ... invoked by an orc priest
              (3 damage)
             ... on level 3 of the Dungeon.
             The game lasted 00:03:46 (1931 turns).

chunkyMonkey the Trooper (Barachi Fighter)          Turns: 1931, Time: 00:03:47

Health: 0/38       AC: 12    Str: 19    XL:     4   Next: 75%
Magic:  5/5        EV:  9    Int:  8    God:
Gold:   40         SH:  4    Dex: 12    Spells: 5/5 levels left

rFire   . . .        a - +1 long sword
rCold   . . .        c - +0 buckler
rNeg    . . .        b - +1 scale mail
rPois   +            (no helmet)
rElec   .            (no cloak)
rCorr   +            (no gloves)
SInv    .            g - +3 pair of seven-league boots {Rampage+∞}
Will    .....        (no amulet) Stlth
                     f - ring of resist corrosion
HPRegen 0.26/turn    k - ring of poison resistance
MPRegen 0.09/turn

%: rampage+∞
@: slow
A: amphibious, slowness 1, strong legs 1, +LOS
a: Hop


You were on level 3 of the Dungeon.
You visited 1 branch of the dungeon, and saw 3 of its levels.

You collected 40 gold pieces.

Inventory:

Hand Weapons
 a - a +1 long sword (weapon)
Armour
 b - a +1 scale mail (worn)
 c - a +0 buckler (worn)
 g - the +3 pair of seven-league boots (worn) {Rampage+∞}
   (You found it on level 2 of the Dungeon)

   Rampage+∞: When moving toward enemies, its wearer moves as far as possible,
   alerting their target en route.
Jewellery
 f - a ring of resist corrosion (left hand)
 k - a ring of poison resistance (right hand)
Scrolls
 e - 2 scrolls of enchant weapon
Potions
 d - a potion of might
 h - a potion of brilliance {unknown}
 j - a potion of magic {unknown}


   Skills:
 * Level 4.6 Fighting
 * Level 3.5 Long Blades
 * Level 4.4 Armour
 + Level 3.6 Shields
 + Level 1.0 Spellcasting


You had 5 spell levels left.
You didn't know any spells.
Your spell library contained the following spells:

 Spells                   Type           Power      Damage    Failure   Level
 Magic Dart               Conj           0%         1d3       82%         1
 Call Imp                 Summ           0%         N/A       91%         2
 Lesser Beckoning         Tloc           0%         N/A       91%         2
 Gell's Gravitas          Tloc           0%         N/A       99%         3
 Mephitic Cloud           Conj/Pois/Air  0%         N/A       99%         3
 Teleport Other           Tloc           0%         N/A       99%         3


Dungeon Overview and Level Annotations

Branches:
Dungeon (3/15)

Altars:
Nemelex Xobeh


Innate Abilities, Weirdness & Mutations

You are amphibious.
You cover ground slowly.
You can hop short distances.
You have an extended range of vision and can be seen from far away.


Message History

You block the adder's attack. The adder barely misses you.
You hit the adder.
You kill the adder!
The orc hits you with a +0 flail.
You barely miss the orc. The orc hits you but does no damage.
You slash the orc!
You kill the orc!
Things that are here:
a +0 flail; an orc corpse; an adder corpse HP restored.
An orc comes into view. It is wielding a +0 club.
The orc shouts!
An orc priest comes into view. It is wielding a +0 dagger.
The orc moves out of view.
An orc priest is nearby!
An orc comes into view. It is wielding a +0 club.
An orc comes into view. It is wielding a +0 flail of draining.
The orc shouts! x2
The orc hits you but does no damage.
The orc priest mumbles some strange prayers to Beogh against you.
Pain shoots through your body!
You hit the orc priest.
The orc priest is moderately wounded.
The orc hits you but does no damage.
The orc priest invokes the aid of Beogh against you.
Beogh smites you!
Unknown command.
You barely miss the orc priest.
The orc priest is moderately wounded.
The orc closely misses you.
The orc priest mumbles some strange prayers to Beogh against you.
Beogh smites you!
* * * LOW HITPOINT WARNING * * *
Unknown command.
You closely miss the orc priest.
The orc priest is moderately wounded.
You block the orc's attack.
The orc priest calls down the wrath of Beogh upon you.
Pain shoots through your body!
You die...

#....
#.##.......###
......
#<#####..###
...... #.# ####
.......#.# ###
#......#.# ##.+
.........###..###
########..).....#
#..#####.## #..#
#o@# #..# ##o#
##.. #o# #... #o.
#.#. ##.. #..#.
.# ##. ## ## .


You could see an orc priest and 3 orcs.

Vanquished Creatures
  3 adders
  3 dart slugs
  An orc (D:3)
  6 bats
  5 endoplasms
  2 giant cockroaches
  6 goblins
  9 hobgoblins
  2 jackals (D:2)
  8 kobolds
  3 quokkas
  6 ball pythons
  2 frilled lizards (D:1)
  3 rats (D:1)
59 creatures vanquished.

Notes
Turn   | Place    | Note
-------+----------+-------------------------------------------
     0 | D:1      | chunkyMonkey the Barachi Fighter began the quest for the
                  | Orb.
     0 | D:1      | Reached XP level 1. HP: 18/18 MP: 1/1
   169 | D:1      | Reached XP level 2. HP: 25/25 MP: 2/2
   665 | D:1      | Reached XP level 3. HP: 30/30 MP: 3/3
   979 | D:2      | Found a sparkling altar of Nemelex Xobeh.
  1080 | D:2      | Reached XP level 4. HP: 34/38 MP: 5/5
  1199 | D:2      | Reached skill level 1 in Spellcasting
  1221 | D:2      | Found the +3 pair of seven-league boots {Rampage+∞}
  1931 | D:3      | Killed from afar by an orc priest

Illustrated notes

Levels and vault maps discovered:
D:1:      psy_arrival_radial02, layout_basic, st_stairs_12, kennysheep_doodads,
          chequers_serial_rivers_room_a, skrybe_limestone_x, minivault_23
D:2:      layout_basic, basic_altar, minmay_heptomino_l4
D:3:      layout_rooms, minmay_overflow_temple_star_quad, uniq_grinder

Skill      XL: |  1  2  3  4 |
---------------+-------------+-----
Fighting       | 4 |  4.6
Armour         | 4 |  4.4
Long Blades    | 3 |  3.5
Spellcasting   | 1 |  1.0
Shields        | |  3.6

Action                     |  1- 3 |  4- 6 || total
---------------------------+-------+-------++-------
  Melee: Long sword        |   118 |    60 ||   178
    Use: Scroll            |     1 |     4 ||     5
 Armour: Scale mail        |    71 |    31 ||   102
  Dodge: Dodged            |    71 |    22 ||    93
  Block: Buckler           |    36 |    15 ||    51

Table legend: (Time is in decaauts)
 A = Elapsed time spent in this place.
 B = Non-inter-level travel time spent in this place.
 C = Inter-level travel time spent in this place.
 D = Time resting spent in this place.
 E = Time spent auto-exploring this place.
 F = Levels seen in this place.
 G = Mean time per level.
                   A        B        C        D        E       F      G
               +--------+--------+--------+--------+--------+-----+--------+
         Total |   2284 |   2245 |     39 |     11 |   1728 |   3 |  761.3 |
       Dungeon |   2284 |   2245 |     39 |     11 |   1728 |   3 |  761.3 |
               +--------+--------+--------+--------+--------+-----+--------+

Top non-repeatable levels by time:
     D:1: 1122 daAuts
     D:2: 1087 daAuts
     D:3: 75 daAuts
